AoeStats
← SweetBitch

Arena

510272258Analyzed
1v1 RM · 1d ago on Sep 30, 2026· 23m 33s· 2 players
Game mode
Random Map
Map size
Tiny (2 player)
Population
200
Speed
Normal
Resources
Standard
Victory
Conquest
Starting age
Dark Age
Ending age
Imperial Age
RankedLock teamsTeams togetherTeam positionsShared explorationLock speedFull tech treeHidden civsTurbo modeCheats
Victory
Defeat
🇨🇳 Slavs · China
186
+10
🇺🇦 Wei · Ukraine
40
-10
SweetBitch
14:17 Feudal Age
14:41 Horse Collar
14:50 Double-Bit Axe
20:41 Gold Mining
20:44 Stone Mining
23:55 Castle Age
Glimmer
1:07 Loom
11:26 Feudal Age
12:40 Town Watch
12:40 Horse Collar
19:28 Castle Age
19:33 Double-Bit Axe
21:17 Heavy Plow
21:30 Husbandry
23:01 Gold Mining
Connection lost

Rejoining the realm…

Still unreachable

The connection could not be restored.

Session expired

The server has moved on; the page needs a fresh start.